 Dungeon Crawl Stone Soup version 0.30-a0-830-gfe289a77b0 (webtiles) character file.

Game seed: 16817364095497825743

184 cforsyth the Sneak (level 5, -1/35 HPs)
             Began as a Kobold Brigand on Mar 1, 2023.
             Slain by Ijyb
             ... wielding a +0 club
              (4 damage)
             ... on level 3 of the Dungeon.
             The game lasted 00:01:59 (2184 turns).

cforsyth the Sneak (Kobold Brigand)                 Turns: 2184, Time: 00:02:00

Health: -1/35      AC:  3    Str:  6 (7)  XL:     5   Next: 96%
Magic:  5/5        EV: 15    Int: 15 (16) God:
Gold:   82         SH:  0    Dex: 15 (18) Spells: 4/4 levels left

rFire   + . .      SeeInvis .    a - +2 dagger
rCold   . . .      Faith    .    (no shield)
rNeg    . . .      Spirit   .    b - +0 robe
rPois   .          Reflect  .    (no helmet)
rElec   .          Harm     .    c - +0 cloak
rCorr   .          Rampage  .    (no gloves)
Will    .....                    (no boots)
Stlth   ++                       (no amulet)
HPRegen 0.25/turn                (no ring)
MPRegen 0.09/turn                (no ring)

@: confused, brilliant
A: small, no large weapons, nightstalker 3, talons 1, clever 1, fire resistance
1, robust 1
a: no special abilities


You were on level 3 of the Dungeon.
You visited 1 branch of the dungeon, and saw 3 of its levels.

You collected 82 gold pieces.

Inventory:

Hand Weapons
 a - a +2 dagger (weapon)
Missiles
 d - 9 poisoned darts (quivered)
 e - 3 curare-tipped darts
Armour
 b - a +0 robe (worn)
 c - a +0 cloak (worn)
Jewellery
 j - an amulet of guardian spirit
Wands
 q - a wand of flame (17)
Scrolls
 f - 3 scrolls of identify {unknown}
 g - a scroll of fear {unknown}
 i - a scroll of blinking {unknown}
 k - a scroll of amnesia {unknown}
 l - a scroll of poison {unknown}
 o - a scroll of teleportation {unknown}


   Skills:
 + Level 3.6 Fighting
 + Level 4.3 Short Blades
 - Level 2.1 Throwing
 + Level 3.2 Dodging
 + Level 6.5 Stealth


You had 4 spell levels left.
You didn't know any spells.
Your spell library contained the following spells:

 Spells                   Type           Power      Damage    Failure   Level
 Shock                    Conj/Air       0%         1d3       26%         1
 Summon Small Mammal      Summ           0%         N/A       26%         1
 Call Canine Familiar     Summ           0%         N/A       63%         3
 Portal Projectile        Hex/Tloc       0%         N/A       63%         3
 Summon Guardian Golem    Hex/Summ       0%         N/A       63%         3
 Swiftness                Air            0%         N/A       63%         3
 Tukima's Dance           Hex            0%         N/A       63%         3
 Airstrike                Air            0%         2d(0-16)  95%         4
 Blade Hands              Tmut           0%         N/A       100%        5


Dungeon Overview and Level Annotations

Branches:
Dungeon (3/15)

Altars:
Kikubaaqudgha
Makhleb

Annotations:
D:3 Ijyb


Innate Abilities, Weirdness & Mutations

You are small and have problems with some larger weapons.
You are completely attuned to the shadows.
You have sharp toenails.
Your mind is acute. (Int +4, Str/Dex -1)
Your flesh is heat resistant. (rF+)
You are robust. (+10% HP)


Message History

Ijyb is severely wounded.
The orc hits you but does no damage. x2; Ijyb zaps a wand.
Your will is overpowered!
You are confused.
The orc hits you but does no damage.
You closely miss Ijyb.
Ijyb is severely wounded.
The orc hits you but does no damage. x2; Ijyb hits you but does no damage.
The orc hits you but does no damage.
You hit Ijyb but do no damage.
Ijyb is severely wounded.
You hit the orc.
The orc is moderately wounded.
The orc hits you but does no damage. The orc barely misses you.
The orc hits you but does no damage.
Ijyb zaps a wand.
Your will is overpowered!
You are more confused.
The now-empty wand crumbles to dust.
You hit the orc but do no damage.
The orc is moderately wounded.
The orc hits you but does no damage. The orc barely misses you. x2
Ijyb hits you with a +0 club.
It was a potion of degeneration.
There was something very wrong with that liquid.
You feel weakened.
You feel dopey.
You feel clumsy. The orc hits you but does no damage.
The orc completely misses you. The orc hits you but does no damage.
Ijyb hits you with a +0 club.
It was a potion of brilliance.
You feel clever all of a sudden.
You feel less wooden.
Your +0 cloak unmelds from your body.
Your +0 robe unmelds from your body.
The orc barely misses you. The orc hits you with a +0 dagger.
* * * LOW HITPOINT WARNING * * *
The orc misses you. Ijyb hits you with a +0 club.
* * * LOW HITPOINT WARNING * * *
You are too confused!
It was a potion of mutation.
You feel extremely strange.
Your toenails lengthen and sharpen.
You feel robust.
You feel clever.
You feel resistant to heat. The orc hits you with a +0 club.
* * * LOW HITPOINT WARNING * * *
The orc barely misses you. Ijyb hits you with a +0 club.
You die...

.. ###.###
#§(..°#
.#.....### ##.##
...._....# #...
#(....#.. #..#
#§...☼### #g.#
###.### #@o#
.##..# ####oo###
#.##..#
...))...###.##.##
####..$.....##.#
#.##.##..##.#
#.##.....##.#
#.#####.###.# #.#
#†# #.#
#.#####.###.#


You could see Ijyb and 3 orcs.

Vanquished Creatures
  Pargi (D:3)
  4 adders
  2 dart slugs
  5 orcs (D:3)
  3 bats (D:1)
  6 endoplasms
  2 giant cockroaches (D:1)
  4 goblins
  A hobgoblin (D:1)
  5 kobolds
  A quokka (D:1)
  5 ball pythons
  A frilled lizard (D:1)
  5 rats
45 creatures vanquished.

Notes
Turn   | Place    | Note
-------+----------+-------------------------------------------
     0 | D:1      | cforsyth the Kobold Brigand began the quest for the Orb.
     0 | D:1      | Reached XP level 1. HP: 12/12 MP: 1/1
   166 | D:1      | Reached XP level 2. HP: 18/18 MP: 2/2
   781 | D:1      | Reached XP level 3. HP: 22/22 MP: 3/3
  1529 | D:2      | Found a burning altar of Makhleb.
  1667 | D:2      | Reached XP level 4. HP: 25/27 MP: 4/4
  1876 | D:3      | Noticed Pargi
  1879 | D:3      | Killed Pargi
  1880 | D:3      | Reached skill level 6 in Stealth
  1880 | D:3      | Reached XP level 5. HP: 32/32 MP: 5/5
  2032 | D:3      | Found an ancient bone altar of Kikubaaqudgha.
  2123 | D:3      | Noticed Ijyb
  2184 | D:3      | Gained mutation: You have sharp toenails. [potion of
                  | mutation]
  2184 | D:3      | Gained mutation: You are robust. (+10% HP) [potion of
                  | mutation]
  2184 | D:3      | Gained mutation: Your mind is acute. (Int +4, Str/Dex -1)
                  | [potion of mutation]
  2184 | D:3      | Gained mutation: Your flesh is heat resistant. (rF+)
                  | [potion of mutation]
  2184 | D:3      | Slain by Ijyb

Illustrated notes

Levels and vault maps discovered:
D:1:      roderic_dead_forest, layout_basic
D:2:      layout_basic, basic_altar
D:3:      layout_loops_ring, nicolae_kikubaaqudgha_miasma_corner,
          gammafunk_ghost_grave, amcnicky_mini_corridor_feature,
          uniq_crazy_yiuf_cottage, uniq_sigmund, uniq_pargi, uniq_ijyb,
          uniq_grinder

Skill      XL: |  1  2  3  4 |
---------------+-------------+-----
Short Blades   | 3 4 |  4.3
Dodging        | 2 3 |  3.2
Fighting       | 3 |  3.6
Stealth        | 6 |  6.5
Throwing       | |  2.1

Action                     |  1- 3 |  4- 6 || total
---------------------------+-------+-------++-------
  Melee: Dagger            |    54 |    92 ||   146
    Use: Potion            |       |     5 ||     5
   Stab: Sleeping          |    20 |     5 ||    25
 Armour: Robe              |     1 |     5 ||     6
         Skin              |       |    56 ||    56
  Dodge: Dodged            |    12 |    59 ||    71

Table legend: (Time is in decaauts)
 A = Elapsed time spent in this place.
 B = Non-inter-level travel time spent in this place.
 C = Inter-level travel time spent in this place.
 D = Time resting spent in this place.
 E = Time spent auto-exploring this place.
 F = Levels seen in this place.
 G = Mean time per level.
                   A        B        C        D        E       F      G
               +--------+--------+--------+--------+--------+-----+--------+
         Total |   2154 |   2112 |     42 |      0 |   1815 |   3 |  718.0 |
       Dungeon |   2154 |   2112 |     42 |      0 |   1815 |   3 |  718.0 |
               +--------+--------+--------+--------+--------+-----+--------+

Top non-repeatable levels by time:
     D:1: 1089 daAuts
     D:2: 765 daAuts
     D:3: 299 daAuts
